 Dungeon Crawl Stone Soup version 0.23-a0-208-gb6b040f (webtiles) character file.

1008 mopl the Ruffian (level 8, 0/68 HPs)
             Began as a Barachi Transmuter on Sept 25, 2018.
             Was an Initiate of Cheibriados.
             Slain by a gnoll
             ... wielding a +0 spear
              (7 damage)
             ... on level 5 of the Dungeon.
             The game lasted 00:09:24 (4851 turns).

mopl the Ruffian (Barachi Transmuter)               Turns: 4851, Time: 00:09:26

Health: 0/68       AC:  5    Str: 15    XL:     8   Next: 20%
Magic:  11/14      EV: 11    Int: 15    God:    Cheibriados [......]
Gold:   241        SH:  0    Dex: 18    Spells: 5/15 levels left

rFire    x . .     SeeInvis .     - Unarmed
rCold    + + +     Gourm    .   (shield currently unavailable)
rNeg     . . .     Faith    .   (armour currently unavailable)
rPois    +         Spirit   .   (helmet currently unavailable)
rElec    .         Reflect  .   (cloak currently unavailable)
rCorr    .         Harm     .   (gloves currently unavailable)
MR       .....                  (boots currently unavailable)
Stlth    ++........             (no amulet)
HPRegen  0.21/turn              g - ring of poison resistance
MPRegen  0.14/turn              I - +5 ring of dexterity

@: ice-form, very slow
A: large, +LOS, swims
a: End Transformation, Bend Time, Renounce Religion


You were on level 5 of the Dungeon.
You worshipped Cheibriados.
Cheibriados was noncommittal.
You were hungry.
You were a creature of crystalline ice.
You visited 2 branches of the dungeon, and saw 6 of its levels.
You also visited: Sewer.

You collected 241 gold pieces.

Inventory:

Hand Weapons
 b - a +0 hunting sling (melded)
Missiles
 a - 12 arrows
 f - 144 stones (quivered)
 v - 79 poisoned needles
 A - 39 sling bullets
Armour
 c - a +0 helmet (melded)
 j - a +1 cloak (melded)
 x - a +1 plate armour of positive energy
 y - a +0 robe (melded)
Jewellery
 g - a ring of poison resistance (left front paw)
 z - an uncursed ring of fire
 I - a +5 ring of dexterity (right front paw)
Wands
 H - a wand of flame (18)
Scrolls
 e - 3 scrolls of amnesia {unknown}
 i - a scroll of enchant weapon {unknown}
 l - 2 scrolls of blinking {unknown}
 n - 4 scrolls of teleportation {unknown}
 r - 6 scrolls of remove curse {unknown}
 s - 2 scrolls of fear {unknown}
 t - 3 scrolls of magic mapping {unknown}
 w - a scroll of random uselessness {unknown}
 D - a scroll of immolation {unknown}
Potions
 h - a potion of magic
 m - 2 potions of heal wounds
 o - 2 potions of lignification {!q}
 p - 5 potions of curing
 q - a potion of ambrosia {unknown}
 u - a potion of might {unknown}
 C - a potion of haste {unknown}
 E - a potion of invisibility {unknown}
 F - a potion of brilliance {unknown}
 G - a potion of mutation {unknown}
Comestibles
 d - 10 rations
 k - 4 chunks of flesh


   Skills:
 + Level 2.6 Fighting
 + Level 1.5 Throwing
 + Level 3.0 Dodging
 * Level 6.9 Unarmed Combat
 - Level 4.0 Spellcasting
 + Level 4.7 Transmutations
 - Level 3.0 Ice Magic
 - Level 2.0 Poison Magic
 * Level 1.0 Invocations


You had 5 spell levels left.
You knew the following spells:

 Your Spells              Type           Power        Failure   Level  Hunger
a - Beastly Appendage     Tmut           ###...       2%          1    None
b - Spider Form           Tmut/Pois      ##........   14%         3    ###....
d - Ice Form              Ice/Tmut       ##......     36%         4    ####...
w - Sticks to Snakes      Tmut           ###.....     3%          2    ##.....

Your spell library contained the following spells:

 Spells                   Type           Power        Failure   Level  Hunger
 Blade Hands              Tmut           ###.......   56%         5    ######.


Dungeon Overview and Level Annotations

Branches:
Dungeon (5/15)             Temple (1/1) D:4

Altars:
Ashenzari
Cheibriados
Makhleb
Nemelex Xobeh
Okawaru
Qazlal
Ru
Sif Muna
Trog


Innate Abilities, Weirdness & Mutations

Shadows flee at your approach. (+LOS)
You can swim through water.
((You cover ground slowly.))
((You can hop short distances.))


Message History

The gnoll barely misses you. The gnoll hits you with a spear!
* * * LOW HITPOINT WARNING * * *
The gnoll completely misses you.
Things that are here:
a trident; a ring mail Unknown command.
You punch the gnoll! You freeze the gnoll.
The gnoll is almost dead.
The gnoll barely misses you. The gnoll closely misses you.
Unknown command.
You hit the gnoll. You freeze the gnoll.
You kill the gnoll!
Cheibriados appreciates the change of pace.
The gnoll barely misses you.
Unknown command.
You punch the gnoll! You freeze the gnoll.
The gnoll is almost dead.
The gnoll hits you with a spear!
You die...

#.# ###.##
##.##. ####.#
#...# #.##.
..##.#
####.#### #.##.
.....#
#.......######
#.... ..####
#.##.........#
####. ###
(#.##.##.####.#
#. ........%#
#. .#.##[#.)#
## .. ...#Y)#
..#.....g)#
####.#.##
...(.. .##....
# ..... ......
##.....#
#######


You could see a gnoll.

Vanquished Creatures
  The ghost of mhoghedin the Sneak, an amateur KoAs (D:3)
  3 ogres (D:4)
  A gnoll sergeant (D:5)
  A howler monkey (D:4)
  A crimson imp (D:5)
  A quasit (D:4)
  An orc priest (D:3)
  A worker ant (D:4)
  A worker ant zombie (D:5)
  10 gnolls
  11 adders
  3 river rats
  2 shadow imps (D:5)
  4 worms
  2 dart slugs
  2 leopard geckos
  7 orcs (D:3)
  5 giant cockroaches
  7 goblins
  13 hobgoblins
  7 jackals
  3 quokkas
  4 ball pythons
  13 bats
  14 frilled lizards
  7 kobolds
  A leopard gecko skeleton (D:5)
  17 rats
143 creatures vanquished.

Notes
Turn   | Place    | Note
-------+----------+-------------------------------------------
     0 | D:1      | mopl the Barachi Transmuter began the quest for the Orb.
     0 | D:1      | Reached XP level 1. HP: 15/15 MP: 3/3
   253 | D:1      | Reached XP level 2. HP: 7/21 MP: 5/5
   453 | D:1      | Learned a level 2 spell: Sticks to Snakes
   934 | D:1      | Reached skill level 4 in Unarmed Combat
   941 | D:1      | Reached XP level 3. HP: 22/26 MP: 6/6
  1129 | D:2      | Learned a level 3 spell: Spider Form
  1597 | D:2      | Reached skill level 3 in Transmutations
  1597 | D:2      | Reached XP level 4. HP: 28/32 MP: 4/8
  1789 | D:3      | Reached skill level 1 in Poison Magic
  1836 | D:3      | Found a glowing drain.
  1845 | D:3      | Reached skill level 3 in Spellcasting
  1930 | Sewer    | Entered a sewer
  2022 | Sewer    | Reached XP level 5. HP: 31/37 MP: 5/9
  2048 | Sewer    | Learned a level 4 spell: Ice Form
  2383 | D:3      | Found a bloodstained altar of Trog.
  2442 | D:3      | Found a large runed door.
  2457 | D:3      | Found a large runed door.
  2463 | D:3      | Noticed mhoghedin's ghost (amateur KoAs)
  2510 | D:3      | Reached skill level 1 in Ice Magic
  2632 | D:3      | Reached skill level 5 in Unarmed Combat
  2715 | D:3      | Reached skill level 2 in Poison Magic
  2715 | D:3      | Reached XP level 6. HP: 11/43 MP: 3/10
  3280 | D:3      | Found a sparkling altar of Nemelex Xobeh.
  3366 | D:3      | Reached skill level 2 in Ice Magic
  3523 | D:3      | Killed mhoghedin's ghost
  3523 | D:3      | Reached skill level 6 in Unarmed Combat
  3523 | D:3      | Reached skill level 4 in Transmutations
  3523 | D:3      | Reached XP level 7. HP: 48/48 MP: 8/12
  3593 | D:4      | Reached skill level 4 in Spellcasting
  3593 | D:4      | Reached skill level 3 in Ice Magic
  3994 | D:4      | Found a staircase to the Ecumenical Temple.
  4227 | D:4      | Reached skill level 2 in Fighting
  4227 | D:4      | Reached skill level 1 in Throwing
  4227 | D:4      | Reached XP level 8. HP: 56/56 MP: 10/14
  4338 | Temple   | Entered the Ecumenical Temple
  4359 | Temple   | Became a worshipper of Cheibriados the Contemplative
  4397 | D:5      | Entered Level 5 of the Dungeon
  4846 | D:5      | Reached skill level 3 in Dodging
  4846 | D:5      | Reached skill level 1 in Invocations
  4851 | D:5      | Slain by a gnoll

Vault maps used:
D:1:      minmay_arrival_plants_in_alcoves, minmay_misc_feat_chi
D:3:      nicolae_overflow_crystal_walls, ebering_ghost_disaster_area,
          lightli_sewer_entry_pipes, hangedman_glass_teeth,
          minmay_misc_feat_five, nemelex_altar_shiori
D:4:      minmay_temple_entry_overgrown, first_ration
D:5:      minmay_misc_feat_diagonals
Temple:   regret_index_temple_sigil_plot
Sewer:    sewer_co_cracked_pipes

Skill      XL: |  1  2  3  4  5  6  7  8 |
---------------+-------------------------+-----
Unarmed Combat | 4 5 6 |  6.9
Transmutations | 3 4 |  4.7
Poison Magic   | 1 2 |  2.0
Spellcasting   | 3 4 |  4.0
Ice Magic      | 1 2 3 |  3.0
Fighting       | 2 |  2.6
Throwing       | 1 |  1.5
Dodging        | 3 |  3.0
Invocations    | 1 |  1.0

Action                   |  1- 3 |  4- 6 |  7- 9 || total
-------------------------+-------+-------+-------++-------
Melee: Unarmed           |   148 |   237 |    75 ||   460
       Kick              |    11 |     3 |       ||    14
       Headbutt          |     3 |       |       ||     3
       Punch             |     1 |     2 |       ||     3
 Fire: Hunting sling     |       |    15 |    44 ||    59
 Cast: Beastly Appendage |    21 |     3 |       ||    24
       Spider Form       |     3 |    15 |     5 ||    23
       Ice Form          |       |     1 |     3 ||     4
 Abil: End Transformatio |       |       |     1 ||     1
  Use: Scroll            |     3 |     1 |       ||     4
 Stab: Sleeping          |     3 |     6 |     1 ||    10
  Eat: Chunk             |     3 |    10 |     6 ||    19
Armor: Robe              |    45 |    39 |    10 ||    94
       Skin              |       |    13 |    14 ||    27
Dodge: Dodged            |   130 |   165 |    98 ||   393

Table legend:
 A = Non-vault XP
 B = Vault XP
 C = Vault XP percentage of total XP
 D = Non-vault monster count
 E = Vault monster count
 F = Vault count percentage of total count
                 A         B        C        D         E       F
            +---------+---------+-------+---------+---------+-------
      Total |    1088 |     352 |  24.4 |     114 |      29 |  20.3
            +---------+---------+-------+---------+---------+-------
        D:1 |      37 |       0 |   0.0 |      23 |       0 |   0.0
        D:2 |      58 |       0 |   0.0 |      20 |       0 |   0.0
        D:3 |     244 |     310 |  56.0 |      40 |      12 |  23.1
        D:4 |     511 |       0 |   0.0 |      17 |       0 |   0.0
        D:5 |     238 |       0 |   0.0 |      14 |       0 |   0.0
      Sewer |       0 |      42 | 100.0 |       0 |      17 | 100.0
            +---------+---------+-------+---------+---------+-------
